 Dungeon Crawl Stone Soup version 0.31-a0-986-g5e6e4ef867 (webtiles) character file.

Game seed: 11487348827809405262

7 bmb222 the Changeling (level 1, 0/15 HPs)
             Began as a Demonspawn Shapeshifter on Nov 24, 2023.
             Slain by a jackal (3 damage)
             ... on level 1 of the Dungeon.
             The game lasted 00:00:17 (110 turns).

bmb222 the Changeling (Demonspawn Shapeshifter)      Turns: 110, Time: 00:00:18

Health: 0/15       AC:  2    Str: 20    XL:     1   Next: 83%
Magic:  1/1        EV: 12    Int: 11    God:
Gold:   23         SH:  0    Dex: 12    Spells: 0/0 levels left

rFire   . .          .
                       - Unarmed
rCold   . . .        (no shield)
rNeg    . . .        a - +0 animal skin
rPois   .            (helmet currently unavailable)
rElec   .            (cloak currently unavailable)
rCorr   .            (gloves currently unavailable)
SInv    .            (boots currently unavailable)
Will    .....        (no amulet)
Stlth   +            e - +6 ring of strength
HPRegen 0.22/turn    (no ring)
MPRegen 0.07/turn

%: no passive effects
@: beast-form
A: beast (slay +1)
a: Begin Untransformation


You were on level 1 of the Dungeon.
You were a hulking beast.
You visited 1 branch of the dungeon, and saw 1 of its levels.

You collected 23 gold pieces.

Inventory:

Armour
 a - a +0 animal skin (worn)
Jewellery
 e - a +6 ring of strength (left hand)
Talismans
 c - a beast talisman
 d - a flux talisman
Potions
 b - a potion of lignification


   Skills:
 + Level 1.1 Fighting
 - Level 1.7 Dodging
 + Level 2.8 Unarmed Combat
 * Level 2.9 Shapeshifting


You couldn't memorise any spells.
You didn't know any spells.
Your spell library was empty.

Dungeon Overview and Level Annotations

Branches:
Dungeon (1/15)

Altars:


Message History

The jackal closely misses you.
You punch the jackal!
You kill the jackal!
You barely miss the jackal. The jackal misses you.
You closely miss the jackal. The jackal completely misses you.
The jackal misses you.
You hit the jackal.
The jackal is lightly wounded.
The jackal closely misses you. The jackal bites you. x2
The jackal bites you but does no damage.
You punch the jackal!
You kill the jackal!
The jackal closely misses you.
The jackal bites you but does no damage. x2
The jackal attacks as it pursues you!
The jackal bites you but does no damage. x2
You closely miss the jackal. Your punch misses the jackal.
The jackal bites you but does no damage.
The jackal completely misses you.
You barely miss the jackal. The hobgoblin closely misses you.
The jackal bites you.
You hit the jackal.
The jackal is moderately wounded.
The jackal bites you.
The jackal bites you but does no damage.
The hobgoblin closely misses you.
You closely miss the jackal.
The jackal is moderately wounded.
The jackal barely misses you. The jackal bites you. The hobgoblin hits you.
The jackal bites you but does no damage.
The jackal bites you.
You are too injured to fight recklessly!
The jackal attacks as it pursues you! The jackal bites you.
* * * LOW HITPOINT WARNING * * *
The jackal attacks as it pursues you! The jackal bites you.
* * * LOW HITPOINT WARNING * * *
The jackal attacks as it pursues you!
The jackal bites you but does no damage.
The jackal bites you.
You die...

##..#.......
#...##......
#...# ###...
##..## ?.
#...# #
#...# ##g..#
#######
###hh.##
§≈≈≈≈≈≈
###..h..#
≈§≈≈§..
##......##
≈≈§...~
#.....###
###.#≈...~~~
##...###
#.#.#≈..~~..
#...##
#.#.#≈...~~~
#†..#
#.#.#§≈....~
##...#
#.#.#§§§≈§..
#...##
#...#§§≈≈≈≈≈
#...#
#...########


You could see 2 jackals and a hobgoblin.

Vanquished Creatures
  2 bats (D:1)
  2 jackals (D:1)
  A ball python (D:1)
  A frilled lizard (D:1)
  A rat (D:1)
7 creatures vanquished.

Notes
Turn   | Place    | Note
-------+----------+-------------------------------------------
     0 | D:1      | bmb222 the Demonspawn Shapeshifter began the quest for the
                  | Orb.
     0 | D:1      | Reached XP level 1. HP: 15/15 MP: 1/1
   110 | D:1      | Slain by a jackal

Illustrated notes

Levels and vault maps discovered:
D:1:      dpeg_arrival_shrine, layout_basic, serial_curves, eino_curves_03,
          eino_curves_04

Action                     || total
---------------------------++-------
  Melee: Unarmed           ||    17
 Armour: Animal skin       ||    21
  Dodge: Dodged            ||    17

Table legend: (Time is in decaauts)
 A = Elapsed time spent in this place.
 B = Non-inter-level travel time spent in this place.
 C = Inter-level travel time spent in this place.
 D = Time resting spent in this place.
 E = Time spent auto-exploring this place.
 F = Levels seen in this place.
 G = Mean time per level.
                   A        B        C        D        E       F      G
               +--------+--------+--------+--------+--------+-----+--------+
         Total |    109 |    109 |      0 |      0 |     67 |   1 |  109.0 |
       Dungeon |    109 |    109 |      0 |      0 |     67 |   1 |  109.0 |
               +--------+--------+--------+--------+--------+-----+--------+

Top non-repeatable levels by time:
     D:1: 109 daAuts
